AoeStats
← MAVERICK

Black Forest

510158493Analyzed
3v3 RM · 1d ago on Sep 29, 2026· 48m 2s· 6 players
Game mode
Random Map
Map size
Normal (6 player)
Population
200
Speed
Normal
Resources
Standard
Victory
Conquest
Starting age
Dark Age
Ending age
Imperial Age
RankedLock teamsTeams togetherTeam positionsShared explorationLock speedFull tech treeHidden civsTurbo modeCheats
Victory
Defeat
🇦🇷 Bohemians · Argentina
1189
+15
🇦🇷 Turks · Argentina
1186
+15
🇦🇷 Spanish · Argentina
1144
+18
🇧🇪 Inca · Belgium
1187
-16
🇨🇦 Saxons · Canada
1172
-16
🇹🇷 Lithuanians · Türkiye
1161
-16
Whitebear
1:04 Loom
11:26 Feudal Age
13:04 Double-Bit Axe
15:46 Castle Age
13:53 Horse Collar
14:55 Stone Mining
14:58 Gold Mining
16:45 Bow Saw
24:01 Wheelbarrow
23:37 Scale Mail Armor
23:59 Forging
26:48 Heavy Plow
27:22 Town Watch
31:08 Imperial Age
29:31 Chain Mail Armor
29:06 Gambesons
29:21 Squires
29:06 Arson
30:44 Iron Casting
32:22 Plate Mail Armor
32:15 Conscription
32:36 Hoardings
32:13 Fletching
32:02 Capped Ram
32:20 Clerical Recruitment
33:53 Gold Shaft Mining
33:02 Treadmill Crane
34:23 Chemistry
33:34 Masonry
33:15 Heated Shot
33:46 Ballistics
33:25 Murder Holes
33:40 Fortified Wall
33:29 Bodkin Arrow
35:12 Crop Rotation
35:46 Two-Man Saw
34:51 Caravan
35:23 Coinage
35:52 Hand Cart
35:38 Town Patrol
35:30 Siege Ram
36:38 Bracer
39:28 Redemption
39:21 Padded Archer Armor
40:03 Elite Hearth Troop
40:05 Shield Wall
41:33 Guilds
42:01 Sanctity
42:13 Illumination
41:50 Herbal Medicine
42:13 Block Printing
42:02 Devotion
45:20 Leather Archer Armor
47:16 Faith
47:29 Ring Archer Armor
47:03 Elite Varangian Guard
47:05 Pikeman
47:56 Clerical Recruitment
Bleda
7:30 Loom
10:25 Feudal Age
11:02 Double-Bit Axe
14:53 Castle Age
17:15 Wheelbarrow
20:32 Bow Saw
21:40 Horse Collar
23:57 Stone Mining
23:58 Gold Mining
25:31 Heavy Plow
29:46 Imperial Age
27:48 Town Watch
28:19 Hand Cart
28:18 Bloodlines
29:12 Scale Barding Armor
29:18 Forging
29:23 Husbandry
29:30 Treadmill Crane
30:30 Masonry
30:44 Chain Barding Armor
30:02 Light Cavalry
31:47 Chemistry
31:10 Conscription
31:24 Crop Rotation
32:00 Two-Man Saw
32:18 Iron Casting
32:23 Hoardings
31:14 Elite Leitis
32:40 Plate Barding Armor
33:41 Stone Shaft Mining
33:20 Town Patrol
35:32 Fletching
39:33 Ballistics
39:44 Architecture
41:45 Hill Forts
41:46 Tower Shields
TLDR
0:54 Loom
13:53 Feudal Age
14:32 Double-Bit Axe
15:32 Gold Mining
18:10 Castle Age
16:51 Stone Mining
19:35 Champi Runner
22:42 Champi Warrior
27:04 Wheelbarrow
26:43 Bow Saw
29:48 Horse Collar
31:14 Hand Cart
32:46 Squires
32:36 Elite Skirmisher
34:29 Ballistics
34:21 Scale Mail Armor
34:31 Forging
38:05 Imperial Age
37:38 Fletching
38:53 Chain Mail Armor
38:35 Bodkin Arrow
39:16 Iron Casting
39:13 Town Watch
39:33 Bracer
39:37 Padded Archer Armor
40:08 Plate Mail Armor
39:12 Pikeman
39:13 Elite Champi Warrior
40:29 Capped Ram
41:19 Caravan
44:33 Heavy Plow
45:28 Andean Sling
45:55 Conscription
45:14 Halberdier
46:33 Onager
rstizza
1:07 Loom
14:25 Feudal Age
18:32 Castle Age
17:00 Double-Bit Axe
16:57 Horse Collar
18:53 Gold Mining
18:55 Stone Mining
19:23 Heavy Plow
19:37 Bow Saw
28:01 Scale Barding Armor
31:28 Husbandry
32:03 Fortified Wall
33:43 Stone Shaft Mining
33:59 Wheelbarrow
36:09 Imperial Age
36:38 Fletching
36:48 Padded Archer Armor
38:01 Chemistry
37:22 Ballistics
36:57 Murder Holes
37:13 Masonry
37:49 Onager
38:27 Cavalier
39:47 Hand Cart
39:29 Pikeman
42:42 Elite Conquistador
45:36 Paladin
45:37 Light Cavalry
46:27 Bloodlines
47:29 Chain Barding Armor
47:05 Bodkin Arrow
47:26 Leather Archer Armor
47:21 Forging
47:12 Scale Mail Armor
47:45 Architecture
47:36 Bombard Tower
47:08 Sappers
47:58 Conscription
MAVERICK
0:43 Loom
13:36 Feudal Age
16:52 Castle Age
15:05 Double-Bit Axe
15:32 Horse Collar
18:08 Bow Saw
18:02 Heavy Plow
25:41 Wheelbarrow
31:26 Imperial Age
29:32 Squires
30:00 Scale Mail Armor
29:50 Fletching
30:03 Padded Archer Armor
31:56 Chemistry
31:50 Fortified Wall
31:10 Pikeman
32:54 Masonry
32:40 Murder Holes
33:54 Wagenburg Tactics
34:50 Conscription
36:00 Two-Man Saw
35:47 Hand Cart
35:18 Town Watch
36:03 Siege Engineers
36:44 Ballistics
37:06 Caravan
37:04 Halberdier
38:40 Leather Archer Armor
38:21 Bodkin Arrow
38:32 Scale Barding Armor
38:27 Houfnice
40:11 Chain Mail Armor
40:27 Ring Archer Armor
39:59 Bracer
40:53 Hussite Reforms
41:17 Forging
41:45 Coinage
41:25 Guilds
42:49 Elite Hussite Wagon
balgarv
0:44 Loom
13:28 Feudal Age
17:06 Castle Age
15:24 Double-Bit Axe
18:04 Bow Saw
18:01 Horse Collar
19:01 Horse Collar
23:40 Padded Archer Armor
30:52 Imperial Age
30:26 Gold Mining
30:55 Scale Barding Armor
31:09 Leather Archer Armor
31:05 Forging
32:00 Elite Janissary
33:49 Conscription
34:11 Heavy Plow
36:57 Husbandry
37:07 Bloodlines
37:07 Bloodlines
37:48 Chain Barding Armor
37:58 Ring Archer Armor
39:01 Gold Shaft Mining
38:58 Fletching
39:30 Ballistics
39:36 Bombard Tower
40:17 Iron Casting
41:23 Artillery
42:27 Plate Barding Armor
42:52 Blast Furnace
43:33 Blast Furnace
42:28 Bodkin Arrow
42:15 Treadmill Crane
43:16 Masonry
43:01 Murder Holes
46:01 Caravan
46:14 Bracer
47:59 Heavy Camel Rider
48:00 Cavalier
Connection lost

Rejoining the realm…

Still unreachable

The connection could not be restored.

Session expired

The server has moved on; the page needs a fresh start.